Semilg, lawful female dwarven Valkyrie ...... ----...... ..%.....- --......| |............. .--...............----- |............. -..--........--..--.-- |...........-- ........ |-.....- --.........-- ......d.--.)---..| -.........| .(.sZ..-|..- |...............-- -..@.---|..| --...............| ---..| ---- -.|.---........-- --.- -.....<.| . --......| --....--- --.--.-- |..|--- |..| ---- Semilg the Fighter Experience level: 6 Strength: 18 Dexterity: 13 Constitution: 18 Intelligence: 10 Wisdom: 7 Charisma: 8 Health: 0(75) Energy: 1(1) Def: 2 Gold: 533 Moves: 3770 Dungeon seed: n_tB7rj_QZLsFpcM Game ID: Semilg_1570556558 Your Inventory: Coins $ - 533 gold pieces Weapons a - an uncursed +1 long sword (weapon in hand) j - an uncursed +0 bardiche s - 2 uncursed poisoned +0 darts L - an uncursed +0 boomerang (in quiver) X - 5 uncursed +1 daggers Armor n - an uncursed +0 orcish cloak (being worn) y - an uncursed +0 splint mail M - a blessed +1 orcish helm (being worn) N - an uncursed +0 dwarvish cloak Y - an uncursed +0 pair of iron shoes Comestibles J - 2 uncursed food rations Scrolls h - an uncursed scroll of identify l - an uncursed scroll of taming A - an uncursed scroll of destroy armor B - 2 uncursed scrolls of fire K - an uncursed scroll of confuse monster Spellbooks H - an uncursed spellbook of remove curse Potions w - a blessed potion of booze V - an uncursed potion of monster detection Rings U - a cursed ring of sustain ability Wands u - an uncursed wand of polymorph (0:6) Tools d - an uncursed oil lamp (lit) (0:602) f - an uncursed stethoscope t - 10 uncursed tallow candles (0:200) W - an uncursed tin whistle Z - an uncursed +0 pick-axe Gems e - an uncursed worthless piece of red glass q - an uncursed garnet stone r - an uncursed worthless piece of black glass z - an uncursed opal Spells and supernatural/magical abilities: Name Level Category Cost Memory W - pray for help -- divine ? -- Your skills at the end: Fighting Skills wands [Basic] Weapon Skills dagger [Basic] long sword [Basic] Spellcasting Skills Final Attributes: You were piously aligned. You were immune to cold. You were poison resistant. You had infravision. You were stealthy. You last prayed 283 turns ago. Tyr was noncommittal. You are dead. Vanquished creatures: a large mimic a baby long worm a small mimic a leprechaun 2 giant spiders an ice vortex a rust monster a jaguar a human zombie an imp a rock piercer 2 rock moles a shrieker a gnomish wizard a kobold mummy a red naga hatchling 4 giant ants a little dog a floating eye a dwarf 4 hill orcs a giant bat an orc zombie 2 iguanas an acid blob a giant rat a brown mold a green mold 15 gnomes 5 gnome zombies 3 geckos 6 jackals a kobold 3 goblins 3 sewer rats 6 grid bugs 7 bats 4 lichens a kobold zombie 3 newts 94 creatures vanquished. Voluntary challenges: You used a wielded weapon 73 times, starting on turn 143. You were illiterate. You never genocided any monsters. You never polymorphed an object. You never changed form. You used no wishes. You never split a pudding. You never wrote Elbereth's name. You never violated your personal moral code. Dungeon overview: The Dungeons of Doom: levels 1 to 2 Level 1 a long staircase Level 2 an altar to Odin stairs to The Gnomish Mines The Gnomish Mines: levels 3 to 10 Level 3 stairs to The Dungeons of Doom Level 4 Level 5 Level 6 many shops, a temple to Odin, some fountains Level 7 Level 9 Level 10 <- You were here History has recorded: On T:1 you entered the Dungeons of Doom to retrieve the Amulet of Yendor! On T:157 you reached level 2 of The Dungeons of Doom. On T:449 you advanced to experience level 2. On T:582 you reached level 1 of The Gnomish Mines. On T:1012 you advanced to experience level 3. On T:1089 you reached level 2 of The Gnomish Mines. On T:1568 you reached level 3 of The Gnomish Mines. On T:1855 you advanced to experience level 4. On T:2208 you reached level 4 of The Gnomish Mines. On T:2390 you reached level 5 of The Gnomish Mines. On T:2567 you advanced to experience level 5. On T:3153 you advanced to experience level 6. On T:3458 you reached level 8 of The Gnomish Mines. On T:3479 you reached level 7 of The Gnomish Mines. Score breakdown: Gold: 533 ( 9278 points) Experience: 6 levels (12456 points) Exploration: 10 levels ( 21.74%) (13416 points) Discoveries: 3 items ( 1.20%) ( 3286 points) Valuables value: (no points given unless you survive) Artifact value: 0 ( 0 points) Variety of kills: 40 monsters ( 10.53%) ( 9733 points) Turncount: 3770 turns ( -937 points) Survival: died (score multiplied by 80%) Total score: 37785 Latest messages: You hear some noises nearby. Your lamp is now on. The enslaved large dog bites the human zombie. The human zombie misses the enslaved large dog. The human zombie hits the enslaved large dog. The enslaved large dog bites the human zombie. The enslaved giant spider bites! (2x) The human zombie hits! Your zombification disease builds up. The enslaved giant spider bites! [2 turns] You hit the enslaved giant spider! The enslaved giant spider bites! The human zombie hits! Your zombification disease builds up. You miss the enslaved giant spider. The enslaved giant spider bites! The enslaved giant spider's bite was poisoned! The enslaved giant spider bites! The enslaved giant spider's bite was poisoned! You die... Final status: Farvel Semilg the Valkyrie, poisoned by a giant spider... You died in The Gnomish Mines on dungeon level 10 with 37785 points, and 533 pieces of gold, after 3770 moves. You were level 6 with a maximum of 75 hit points when you died.